 Dungeon Crawl Stone Soup version 0.27.1 (webtiles) character file.

Game seed: 15758186848352125964

48 r3algoood the Magician (level 3, -3/19 HPs)
             Began as a Deep Elf Hedge Wizard on Sept 1, 2021.
             Slain by an orc (5 damage)
             ... on level 3 of the Dungeon.
             The game lasted 00:08:58 (3573 turns).

r3algoood the Magician (Deep Elf Hedge Wizard)      Turns: 3573, Time: 00:08:58

Health: -3/19      AC:  3    Str:  7    XL:     3   Next: 50%
Magic:  9/11       EV: 16    Int: 19    God:
Gold:   164        SH:  0    Dex: 14    Spells: 5/11 levels left

rFire    . . .     SeeInvis .   a - +0 dagger
rCold    . . .     Faith    .   (no shield)
rNeg     + . .     Spirit   .   b - +0 robe
rPois    .         Reflect  .   c - +0 hat
rElec    .         Harm     .   (no cloak)
rCorr    .         Rampage  .   e - +0 pair of gloves
Will     .....                  (no boots)
Stlth    ++........             (no amulet)
HPRegen  0.06/turn              d - ring of positive energy
MPRegen  0.12/turn              g - +4 ring of evasion

@: no status effects
A: no striking features
a: no special abilities


You were on level 3 of the Dungeon.
You visited 1 branch of the dungeon, and saw 4 of its levels.

You collected 164 gold pieces.

Inventory:

Hand Weapons
 a - a +0 dagger (weapon)
Armour
 b - a +0 robe (worn)
 c - a +0 hat (worn)
 e - a +0 pair of gloves (worn)
Jewellery
 d - a ring of positive energy (left hand)
 g - a +4 ring of evasion (right hand)
Wands
 h - a wand of polymorph (4)
Scrolls
 f - 2 scrolls of identify {unknown}
Potions
 i - a potion of degeneration {unknown}


   Skills:
 + Level 2.8 Dodging
 + Level 2.8 Stealth
 * Level 4.8 Spellcasting
 * Level 2.0 Conjurations
 + Level 1.6 Summonings
 * Level 1.9 Translocations


You had 5 spell levels left.
You knew the following spells:

 Your Spells              Type           Power      Damage    Failure   Level
a - Magic Dart            Conj           48%        1d5       5%          1
b - Blink                 Tloc           N/A        N/A       9%          2
c - Mephitic Cloud        Conj/Pois/Air  7%         N/A       28%         3

Your spell library contained the following spells:

 Spells                   Type           Power      Damage    Failure   Level
 Call Imp                 Summ           10%        N/A       10%         2
 Sandblast                Erth           8%         2d5       13%         1
 Passwall                 Tmut/Erth      3%         N/A       19%         2
 Slow                     Hex            4%         N/A       19%         2
 Conjure Flame            Conj/Fire      8%         6-21      26%         3
 Lee's Rapid Deconstruct  Erth           2%         3d5*      98%         5
 Conjure Ball Lightning   Conj/Air       4%         3x3d6     100%        6
 Discord                  Hex            2%         N/A       100%        8
 Disjunction              Tloc           6%         N/A       100%        8


Dungeon Overview and Level Annotations

Branches:
Dungeon (4/15)
 Temple: D:4-7

Altars:
Makhleb
Wu Jian


Message History

Confirm with . or Enter, or press ? or * to list all spells.
You blink.
The orc hits something with a +0 hand axe.
Something hits the orc.
There is a stone staircase leading down here.
You climb downwards.
Found a scroll labelled ASUYSY REEBOD, a leather armour and a yellow potion.
There is a stone staircase leading up here.
You start resting.
Magic restored.
You start resting.
You start resting.
HP restored.
You start waiting.
i - a yellow potion
f - 2 scrolls labelled ASUYSY REEBOD (gained 1)
There is a stone staircase leading up here.
You climb upwards.
The orc priest shouts!
The orc throws a boomerang of dispersal.
The boomerang of dispersal closely misses you.
There is a stone staircase leading down here.
The orc priest closely misses you. The orc priest closely misses you.
The orc throws a boomerang of dispersal.
The boomerang of dispersal closely misses you.
The orc priest invokes the aid of Beogh against you.
Pain shoots through your body!
Casting: Blink (safe; 9% risk of failure)
Confirm with . or Enter, or press ? or * to list all spells.
You blink.
The orc priest misses you.
Unknown command.
The orc priest mumbles some strange prayers to Beogh against you.
Pain shoots through your body!
The orc throws a boomerang of dispersal.
The boomerang of dispersal barely misses you.
The orc priest hits you from afar with a +0 trident!
* * * LOW HITPOINT WARNING * * *
The orc hits you with a +0 hand axe.
You die...

#.......)...###
#.#####...#.#
###.##........# ##
#......#####.....#
##......# #.###.#
..........# #.# .#
####......# #.# .#
#......#####.# .#
###.##....@..###.#.#.#
........#.o....[......#
####......o..####.......
#................####
#.......>.########
#....#...## #(#####.##
......[.# #.# .#.......
##.#


You could see an orc priest and an orc.

Vanquished Creatures
  A worm (D:2)
  A dart slug (D:3)
  3 orcs
  3 bats
  4 endoplasms
  A giant cockroach (D:3)
  2 hobgoblins (D:1)
  4 jackals (D:1)
  3 kobolds
  5 quokkas
  A ball python (D:1)
  3 frilled lizards
  A goblin (D:2)
  5 rats
37 creatures vanquished.

Notes
Turn   | Place    | Note
-------+----------+-------------------------------------------
     0 | D:1      | r3algoood the Deep Elf Hedge Wizard began the quest for the
                  | Orb.
     0 | D:1      | Reached XP level 1. HP: 10/10 MP: 7/7
   691 | D:1      | Reached XP level 2. HP: 15/15 MP: 6/9
  2056 | D:2      | Learned a level 2 spell: Blink
  2110 | D:2      | Found an ornate altar of the Wu Jian Council.
  2259 | D:2      | Reached XP level 3. HP: 19/19 MP: 2/11
  2405 | D:2      | Learned a level 3 spell: Mephitic Cloud
  2697 | D:3      | Found a burning altar of Makhleb.
  3185 | D:3      | Found a faded altar of an unknown god.
  3573 | D:3      | Slain by an orc

Illustrated notes

Levels and vault maps discovered:
D:1:      minmay_arrival_stone_box, layout_basic, minmay_distorted
D:2:      layout_rooms, basic_altar
D:3:      layout_loops_ring, mainiacjoe_overflow_catwalk_spiral, trog_book,
          hellmonk_ecumenical_altar_leap_of_faith
D:4:      layout_gridville, overflow_temple_1_default, uniq_ijyb

Skill      XL: |  1  2  3 |
---------------+----------+-----
Conjurations   | 2 |  2.0
Dodging        | |  2.8
Stealth        | |  2.8
Spellcasting   | |  4.8
Summonings     | |  1.6
Translocations | |  1.9

Action                   || total
-------------------------++-------
Melee: Dagger            ||     5
 Cast: Magic Dart        ||   104
       Blink             ||     7
       Mephitic Cloud    ||     3
  Use: Scroll            ||     1
Armor: Robe              ||     8
Dodge: Dodged            ||    39
